 Dungeon Crawl Stone Soup version 0.29-a0-319-gad05b8d819 (webtiles) character file.

Game seed: 12779606647931454694

11694 kae the Arsonist (level 11, -4/66 HPs)
             Began as a Tengu Fire Elementalist on Apr 1, 2022.
             Was a Follower of Vehumet.
             Shot with an arrow by a centaur (7 damage)
             ... led by a centaur warrior
             ... on level 11 of the Dungeon.
             The game lasted 00:14:06 (20392 turns).

kae the Arsonist (Tengu Fire Elementalist)         Turns: 20392, Time: 00:14:06

Health: -4/66      AC:  7    Str: 15    XL:     11   Next: 81%
Magic:  19/22      EV: 18    Int: 20    God:    Vehumet [*.....]
Gold:   696        SH:  0    Dex: 14    Spells: 10/23 levels left

rFire   . . .      SeeInvis .   C - +2 rapier (venom)
rCold   + . .      Faith    .   (no shield)
rNeg    . . .      Spirit   .   w - +0 troll leather armour
rPois   .          Reflect  .   (helmet restricted)
rElec   .          Harm     .   c - +1 cloak
rCorr   .          Rampage  .   (no gloves)
Will    .....                   (boots unavailable)
Stlth   ++........              D - amulet of regeneration
HPRegen 1.81/turn               y - +6 ring of strength
MPRegen 0.18/turn               E - ring of protection from cold

@: flying quickly and evasively, quick
A: beak, talons 3, nimble flight
a: Renounce Religion


You were on level 11 of the Dungeon.
You worshipped Vehumet.
Vehumet was aware of your devotion.
You visited 2 branches of the dungeon, and saw 12 of its levels.

You collected 696 gold pieces.

Inventory:

Hand Weapons
 e - a +1 whip of flaming
 k - a +0 whip of electrocution
 C - a +2 rapier of venom (weapon)
Armour
 a - a +1 robe
 c - a +1 cloak (worn)
 w - a +0 troll leather armour (worn)
Jewellery
 r - an amulet of reflection
 s - an amulet of guardian spirit
 y - a +6 ring of strength (left hand)
 D - an amulet of regeneration (around neck)
 E - a ring of protection from cold (right hand)
Wands
 q - a wand of paralysis (9)
 u - a wand of mindburst (17)
 A - a wand of digging (4)
 G - a wand of acid (6)
 H - a wand of iceblast (10)
Scrolls
 i - 2 scrolls of vulnerability
 j - a scroll of enchant weapon
 p - 2 scrolls of amnesia
 t - a scroll of silence
 F - a scroll of teleportation
Potions
 b - 2 potions of magic
 d - 6 potions of mutation
 f - 2 potions of degeneration
 g - 2 potions of might
 h - 4 potions of curing
 l - a potion of flight
 m - 2 potions of ambrosia
 n - 3 potions of brilliance
 o - 3 potions of cancellation
 v - 2 potions of berserk rage {unknown}
 x - 2 potions of attraction {unknown}
 z - 3 potions of lignification {unknown}
 B - a potion of resistance {unknown}


   Skills:
 + Level 6.9 Fighting
 + Level 7.6 Armour
 + Level 7.9 Dodging
 - Level 2.0 Stealth
 + Level 6.6 Spellcasting
 + Level 9.3 Conjurations
 * Level 11.3 Fire Magic


You had 10 spell levels left.
You knew the following spells:

 Your Spells              Type           Power      Damage    Failure   Level
a - Foxfire               Conj/Fire      100%       2x1d9     1%          1
b - Scorch                Fire           100%       2d10      1%          2
c - Conjure Flame         Conj/Fire      48%        6-21      1%          3
d - Inner Flame           Hex/Fire       29%        N/A       3%          3
e - Flame Wave            Conj/Fire      48%        2d10      1%          4

Your spell library contained the following spells:

 Spells                   Type           Power      Damage    Failure   Level
 Magic Dart               Conj           100%       1d8       1%          1
 Slow                     Hex            24%        N/A       12%         1
 Confusing Touch          Hex            6%         N/A       34%         3
 Vampiric Draining        Necr           6%         2d6       34%         3
 Passage of Golubria      Tloc           6%         N/A       75%         4
 Summon Ice Beast         Ice/Summ       6%         N/A       75%         4
 Silence                  Hex/Air        3%         N/A       97%         5
 Summon Mana Viper        Hex/Summ       6%         N/A       97%         5
 Monstrous Menagerie      Summ           3%         N/A       100%        7
 Lehudib's Crystal Spear  Conj/Erth      12%        10d4      100%        8


Dungeon Overview and Level Annotations

Branches:
Dungeon (11/15)            Temple (1/1) D:7            Lair (0/6) D:9
    Orc: D:9-12

Altars:
Ashenzari
Cheibriados
Dithmenos
Elyvilon
Fedhas
Gozag
Hepliaklqana
Kikubaaqudgha
Makhleb
Nemelex Xobeh
Okawaru
Qazlal
Ru
Sif Muna
Trog
Uskayaw
Vehumet
Wu Jian
Xom
Yredelemnul
Zin
The Shining One

Shops:
D:6 !   D:11 ([

Annotations:
D:7 exclusions: 3 doors and 1 more exclusion


Innate Abilities, Weirdness & Mutations

You have a beak for a mouth.
You have claws for feet.
Your magical nature lets you fly swiftly and evasively.


Message History

The centaur warrior kicks you but does no damage.
The centaur warrior hits you!
* * * LOW HITPOINT WARNING * * *
The centaur warrior barely misses you.
You hit the centaur warrior.
You kill the centaur warrior!
Vehumet accepts your kill.
The centaur wields a +0 shortbow.
The centaur shoots an arrow.
The arrow misses you.
The centaur unwields a +0 shortbow.
The centaur completely misses you.
The centaur kicks you but does no damage.
Items here: ( ))).
You hit the centaur but do no damage. You claw the centaur.
The centaur is lightly wounded.
The centaur closely misses you. The centaur kicks you. The centaur misses you.
The centaur closely misses you.
You hit the centaur.
The centaur is poisoned.
The centaur is moderately wounded.
The centaur hits you.
* * * LOW HITPOINT WARNING * * *
The centaur kicks you.
* * * LOW HITPOINT WARNING * * *
The centaur misses you. The centaur closely misses you.
You hit the centaur.
The centaur looks as sick as possible!
Your kick misses the centaur. You peck the centaur.
The centaur is severely wounded.
The centaur hits you.
* * * LOW HITPOINT WARNING * * *
The centaur completely misses you. The centaur hits you.
* * * LOW HITPOINT WARNING * * *
The centaur kicks you but does no damage.
You hit the centaur.
You kill the centaur!
Vehumet accepts your kill.
The centaur wields a +0 shortbow.
The centaur shoots an arrow.
The arrow hits you!
* * * LOW HITPOINT WARNING * * *
The centaur wields a +0 shortbow.
The centaur shoots an arrow.
The arrow hits you!
You die...

#.#..8O....
#.+..<.... #.8.∩§8.
#...§. #..8§ #..##
#. #cc# #. ##)# #.
#@# #. ###'##### #.
#..)...[######## #.#
#.......'........#..
+.......########....
#.......# ####.
#<...>..# #.
######'## #. #[..#
##


You could see 2 centaurs.

Vanquished Creatures
  A boulder beetle (D:9)
  A centaur warrior (D:11)
  2 two-headed ogres
  2 komodo dragons (D:9)
  2 trolls
  2 wraiths
  4 yaks (D:7)
  3 wyverns (D:9)
  A shadow (D:10)
  A basilisk (D:9)
  4 vampire mosquitoes
  2 steam dragons (D:9)
  2 water moccasins (D:6)
  3 orc warriors
  A sky beast (D:8)
  A swamp drake (D:9)
  An ice beast (D:5)
  2 black bears (D:6)
  5 centaurs
  2 ogres
  2 phantoms (D:4)
  3 kobold brigands
  6 bullfrogs
  3 necrophages
  4 scorpions
  21 wights
  23 killer bees
  An electric eel (D:10)
  5 hounds
  A jelly (D:6)
  Crazy Yiuf (D:2)
  3 gnoll shamans
  5 orc priests
  6 iguanas
  15 orc wizards
  7 adders
  13 gnolls
  2 shadow imps
  2 ufetubi
  A worm (D:2)
  2 dart slugs
  35 orcs
  4 endoplasms
  4 giant cockroaches
  3 goblins
  8 hobgoblins
  3 jackals (D:4)
  18 kobolds
  4 quokkas
  13 ball pythons
  6 bats
  6 rats
272 creatures vanquished.

Vanquished Creatures (others)
  A vampire (D:9)
  An orc wizard (D:5)
  690 foxfires
692 creatures vanquished.

Grand Total: 964 creatures vanquished

Notes
Turn   | Place    | Note
-------+----------+-------------------------------------------
     0 | D:1      | kae the Tengu Fire Elementalist began the quest for the
                  | Orb.
     0 | D:1      | Reached XP level 1. HP: 10/10 MP: 4/4
   274 | D:1      | Reached XP level 2. HP: 15/15 MP: 3/6
   809 | D:1      | Found a faded altar of an unknown god.
   909 | D:1      | Reached XP level 3. HP: 10/20 MP: 2/7
  1461 | D:2      | Reached skill level 4 in Fire Magic
  1580 | D:2      | Reached skill level 1 in Armour
  1613 | D:2      | Found a runed translucent door.
  1614 | D:2      | Noticed Crazy Yiuf
  1929 | D:2      | Learned a level 2 spell: Scorch
  1933 | D:2      | Learned a level 3 spell: Conjure Flame
  2059 | D:2      | Reached skill level 1 in Fighting
  2059 | D:2      | Reached XP level 4. HP: 25/25 MP: 3/8
  3099 | D:2      | Gained mutation: Your magical nature lets you fly swiftly
                  | and evasively. [Tengu growth]
  3099 | D:2      | Reached XP level 5. HP: 13/29 MP: 1/9
  4124 | D:2      | Killed Crazy Yiuf
  4948 | D:3      | Reached XP level 6. HP: 35/35 MP: 4/10
  5671 | D:4      | Found a shadowy altar of Dithmenos.
  5832 | D:4      | Reached skill level 5 in Fire Magic
  6034 | D:4      | Reached XP level 7. HP: 30/40 MP: 0/12
  6721 | D:4      | Found a snail-covered altar of Cheibriados.
  7045 | D:5      | Entered Level 5 of the Dungeon
  7327 | D:5      | Reached skill level 6 in Fire Magic
  7554 | D:5      | Reached XP level 8. HP: 45/45 MP: 10/14
  7809 | D:5      | Noticed a troll
  8203 | D:5      | Reached skill level 5 in Conjurations
  8595 | D:5      | Reached skill level 7 in Fire Magic
  9149 | D:5      | Killed a troll
  9150 | D:5      | Reached XP level 9. HP: 52/52 MP: 6/16
  9600 | D:6      | Found a bloodstained altar of Trog.
  9631 | D:6      | Reached skill level 5 in Dodging
 10034 | D:6      | Learned a level 3 spell: Inner Flame
 10039 | D:6      | Learned a level 4 spell: Flame Wave
 10436 | D:6      | Reached skill level 5 in Armour
 10436 | D:6      | Reached skill level 8 in Fire Magic
 10812 | D:6      | Found Cixiv's Distillery.
 11203 | D:7      | Found a staircase to the Ecumenical Temple.
 11890 | D:6      | Reached skill level 5 in Spellcasting
 12080 | D:6      | Reached skill level 5 in Fighting
 12080 | D:6      | Reached XP level 10. HP: 51/59 MP: 8/18
 12226 | D:7      | Reached skill level 9 in Fire Magic
 12502 | D:7      | Found an ornate altar of the Wu Jian Council.
 12892 | Temple   | Entered the Ecumenical Temple
 13238 | D:7      | Found a burning altar of Makhleb.
 13756 | D:8      | Paralysed by a centaur for 7 turns
 15970 | D:9      | Noticed a boulder beetle
 16309 | D:9      | Found a radiant altar of Vehumet.
 16414 | D:9      | Became a worshipper of Vehumet
 16603 | D:9      | Reached skill level 10 in Fire Magic
 16963 | D:9      | Reached XP level 11. HP: 53/64 MP: 10/21
 17431 | D:9      | Found a staircase to the Lair.
 17606 | D:9      | Killed a boulder beetle
 17715 | D:10     | Entered Level 10 of the Dungeon
 18201 | D:10     | Noticed a two-headed ogre
 18236 | D:9      | Killed a two-headed ogre
 18958 | D:10     | Reached * piety under Vehumet
 18958 | D:10     | Offered knowledge of Magic Dart by Vehumet.
 19108 | D:10     | Reached skill level 11 in Fire Magic
 20267 | D:11     | Found Mits's Antique Armour Emporium.
 20298 | D:11     | Found Temayq's Weapon Shoppe.
 20302 | D:11     | Noticed a two-headed ogre
 20318 | D:11     | Killed a two-headed ogre
 20376 | D:11     | Noticed a centaur warrior
 20387 | D:11     | Killed a centaur warrior
 20392 | D:11     | HP: 3/66 [centaur/arrow[a centaur warrior] (13)]
 20392 | D:11     | Shot with an arrow by a centaur

Illustrated notes

Levels and vault maps discovered:
D:1:      dpeg_arrival_tiny_a, layout_basic,
          shapermc_ecumenical_altar_notcrosses, minmay_parallelograms
D:2:      layout_basic, uniq_crazy_yiuf_cottage
D:3:      minmay_door_path, layout_basic, minmay_misc_feat_square,
          kennysheep_decorative_pillar, minmay_misc_feat_ornament, st_stairs_8
D:4:      layout_loops_corners, nicolae_overflow_crystal_walls,
          nicolae_dithmenos_shadow_blocks
D:5:      cheibrodos_barr_body, layout_loops_cross
D:6:      layout_loops_cross, kennysheep_little_box, nicolae_take_the_stairs
D:7:      layout_loops_ring, mainiacjoe_overflow_brackets,
          mainiacjoe_overflow_six_doors_small, minmay_temple_entry_trees,
          kennysheep_dice
D:8:      hellmonk_ruined_rings, layout_basic, nicolae_figureground_pulse
D:9:      layout_basic, lemuel_doored_altar, erik_lair_dragon
D:10:     layout_stronghold, kennysheep_big_empty_room, nicolae_zen_rock_garden
D:11:     layout_roguey [special_room_kobold], orc_0_dummy, serial_shops,
          nicolae_inconvenience_store, nicolae_diamond_shop, shop,
          nicolae_shop_statue_plus, zin_angel, uniq_maurice
Temple:   nicolae_temple_elliptical

Skill      XL: |  1  2  3  4  5  6  7  8  9 10 11 |
---------------+----------------------------------+-----
Conjurations   | 2 3 4 5 6 8 9 |  9.3
Fire Magic     | 4 5 6 7 8 10 11 | 11.3
Armour         | 1 2 3 4 5 6 7 |  7.6
Fighting       | 1 2 3 5 6 |  6.9
Dodging        | 3 4 6 7 |  7.9
Spellcasting   | 3 4 5 6 |  6.6
Stealth        | |  2.0

Action                   |  1- 3 |  4- 6 |  7- 9 | 10-12 || total
-------------------------+-------+-------+-------+-------++-------
Melee: Whip              |    13 |     7 |    67 |    23 ||   110
       Kick              |     1 |     2 |    19 |    31 ||    53
       Peck              |       |       |     8 |    26 ||    34
       Punch             |       |       |     2 |     2 ||     4
       Rapier            |       |       |       |    62 ||    62
 Cast: Foxfire           |    80 |    83 |   120 |   151 ||   434
       Scorch            |     2 |    20 |   119 |   142 ||   283
       Conjure Flame     |       |     2 |     5 |    14 ||    21
       Flame Wave        |       |       |     1 |     1 ||     2
       Inner Flame       |       |       |     1 |       ||     1
Evoke: Wand              |       |       |       |     4 ||     4
  Use: Scroll            |     6 |     8 |     7 |     6 ||    27
       Potion            |       |     1 |     4 |       ||     5
 Stab: Sleeping          |     3 |       |       |       ||     3
Armor: Robe              |     9 |     4 |    30 |       ||    43
       Troll leather arm |       |       |    52 |    81 ||   133
Dodge: Dodged            |    20 |    23 |   286 |   267 ||   596

Table legend: (Time is in decaauts)
 A = Elapsed time spent in this place.
 B = Non-inter-level travel time spent in this place.
 C = Inter-level travel time spent in this place.
 D = Time resting spent in this place.
 E = Time spent auto-exploring this place.
 F = Levels seen in this place.
 G = Mean time per level.
                   A        B        C        D        E       F      G
               +--------+--------+--------+--------+--------+-----+--------+
         Total |  19552 |  18730 |    822 |   3365 |  12311 |  12 | 1629.3 |
       Dungeon |  19405 |  18607 |    798 |   3365 |  12199 |  11 | 1764.1 |
        Temple |    146 |    123 |     23 |      0 |    111 |   1 |  146.0 |
               +--------+--------+--------+--------+--------+-----+--------+

Top non-repeatable levels by time:
     D:2: 2810 daAuts
     D:9: 2489 daAuts
     D:5: 2446 daAuts
    D:10: 1917 daAuts
     D:8: 1896 daAuts
     D:6: 1863 daAuts
     D:4: 1833 daAuts
     D:7: 1457 daAuts
     D:1: 1440 daAuts
     D:3: 1095 daAuts
    D:11: 154 daAuts
  Temple: 146 daAuts
